 Dungeon Crawl Stone Soup version 0.30.1-4-g462c640d31 (webtiles) character file.

Game seed: 10883485655655859892

38801 GeoRichter the Arsonist (level 14, -2/104 HPs)
             Began as an Octopode Venom Mage on Aug 29, 2023.
             Was a Believer of Ashenzari.
             Slain by a cane toad (17 damage)
             ... on level 4 of the Lair of Beasts.
             The game lasted 00:45:17 (20425 turns).

GeoRichter the Arsonist (Octopode Venom Mage)      Turns: 20425, Time: 00:45:18

Health: -2/104     AC:  1    Str:  9    XL:     14   Next: 3%
Magic:  18/38      EV: 15    Int: 27    God:    Ashenzari [**....]
Gold:   392        SH:  0    Dex: 12    Spells: 21/35 levels left

rFire   + + .        Q - +4 dagger (flame)
rCold   + . .        (no shield)
rNeg    . . .        U - +0 hat of Fortitude {Int+6}
rPois   +            N - amulet of the acrobat
rElec   .            j - ring of Toth-Mos's Legacy {Wiz, Range, Elem} (curse)
rCorr   .            r - ring "Yoke of Ashenzari" {rC+, Cun, Comp} (curse)
SInv    +            t - ring "Cosmic Liberalism" {rF+, Cun, Alch} (curse)
Will    +....        x - ring of magical power
Stlth   +++          q - ring of Juvvedaw {rF+ Slay+3}
HPRegen 0.37/turn    C - ring of the Elysian Seer {Slay+4, Elem, Alch} (curse)
MPRegen 0.26/turn    G - ring "Ensconced With Me" {Slay+4, Alch, Self} (curse)
                     n - ring of poison resistance

%: acrobat, wizardry (x1)
@: lethally poisoned (-2 -> -14), studying Transmutations
A: almost no armour, amphibious, 8 rings, camouflage 1, gelatinous body 1,
(nimble swimmer 1), tentacles
a: Renounce Religion, Shatter the Chains


You were on level 4 of the Lair of Beasts.
You worshipped Ashenzari.
Ashenzari was pleased with you.
You visited 3 branches of the dungeon, and saw 14 of its levels.
You also visited: Sewer, Bailey and Gauntlet.

You collected 1008 gold pieces.
You spent 616 gold pieces at shops.

Inventory:

Hand Weapons
 Q - a +4 dagger of flaming (weapon)
   (You took it off a kobold demonologist on level 8 of the Dungeon)
 T - the +5 long sword "Ogeotwuo" {protect, rElec Int+4}
   (You found it on level 3 of the Lair of Beasts)

   Int:       It affects your intelligence (+4).
   rElec:     It insulates you from electricity.
Missiles
 s - 7 curare-tipped darts {!f}
 w - 4 throwing nets {!f}
Armour
 I - the +3 hat of Pondering {ponderous, Will+ MP+10 Int+5}
   (You took it off Gastronok on level 8 of the Dungeon)

   Int:       It affects your intelligence (+5).
   MP:        It affects your magic capacity (+10).
   Will:      It increases your willpower.
 U - the +0 hat of Fortitude (worn) {Int+6}
   (You found it in a Gauntlet)

   Int:       It affects your intelligence (+6).
Jewellery
 j - the cursed ring of Toth-Mos's Legacy (left tentacle) {Wiz, Range, Elem}
   (You found it on level 1 of the Dungeon)

   [ring of wizardry]

   It improves your spell success rate.
   It has a curse which improves the following skills: Ranged Combat: Ranged
   Weapons and Throwing.
   Elements:  Fire Magic, Ice Magic, Air Magic and Earth Magic.
 n - a ring of poison resistance (on tentacle)
   (You found it on level 2 of the Lair of Beasts)
 q - the ring of Juvvedaw (on tentacle) {rF+ Slay+3}
   (You took it off a minotaur in a Gauntlet)

   [ring of protection from fire]

   Slay:      It affects your accuracy & damage with ranged weapons and melee
   (+3).
   rF:        It protects you from fire.
 r - the cursed ring "Yoke of Ashenzari" (right tentacle) {rC+, Cun, Comp}
   (You found it on level 4 of the Dungeon)

   [ring of protection from cold]

   rC:        It protects you from cold.
   It has a curse which improves the following skills: Cunning: Dodging and
   Stealth.
   Companions: Summonings and Necromancy.
 t - the cursed ring "Cosmic Liberalism" (on tentacle) {rF+, Cun, Alch}
   (You found it on level 4 of the Dungeon)

   [ring of protection from fire]

   rF:        It protects you from fire.
   It has a curse which improves the following skills: Cunning: Dodging and
   Stealth.
   Alchemy:   Poison Magic and Transmutations.
 x - a ring of magical power (on tentacle)
   (You found it on level 4 of the Dungeon)
 C - the cursed ring of the Elysian Seer (on tentacle) {Slay+4, Elem, Alch}
   (You found it on level 6 of the Dungeon)

   [ring of slaying]

   Slay:      It affects your accuracy & damage with ranged weapons and melee
   (+4).
   It has a curse which improves the following skills: Elements: Fire Magic, Ice
   Magic, Air Magic and Earth Magic.
   Alchemy:   Poison Magic and Transmutations.
 D - the ring "Sury" {+Blink rElec rC- Will+ Str+6}
   (You acquired it on level 8 of the Dungeon)

   [ring of strength]

   Str:       It affects your strength (+6).
   rC:        It makes you vulnerable to cold.
   rElec:     It insulates you from electricity.
   +Blink:    It lets you blink.
   Will:      It increases your willpower.
 G - the cursed ring "Ensconced With Me" (on tentacle) {Slay+4, Alch, Self}
   (You found it on level 7 of the Dungeon)

   [ring of slaying]

   Slay:      It affects your accuracy & damage with ranged weapons and melee
   (+4).
   It has a curse which improves the following skills: Alchemy: Poison Magic and
   Transmutations.
   Introspection: Fighting and Spellcasting.
 H - a ring of flight
   (You found it in a Gauntlet)
 N - an amulet of the acrobat (around mantle)
   (You found it on level 8 of the Dungeon)
 R - a ring of resist corrosion
   (You acquired it on level 1 of the Lair of Beasts)
Wands
 E - a wand of flame (26)
   (You found it on level 7 of the Dungeon)
 K - a wand of quicksilver (13)
   (You took it off Maurice on level 8 of the Dungeon)
 S - a wand of charming (5)
   (You found it on level 1 of the Lair of Beasts)
Scrolls
 a - 2 scrolls of torment {!r}
 b - a scroll of summoning
 d - 2 scrolls of poison {!r}
 e - 4 scrolls of vulnerability {!r}
 g - a scroll of fog
 i - 5 scrolls of teleportation {@r4}
 k - 2 scrolls of enchant weapon
 l - 4 scrolls of amnesia
 m - 3 scrolls of enchant armour
 p - a scroll of fear
 u - a scroll of magic mapping
 v - 3 scrolls of blinking
 L - a scroll of immolation {!r}
 M - 2 scrolls of noise {!r}
Potions
 c - 2 potions of attraction {!q}
 f - 6 potions of curing {@q1}
 h - 2 potions of brilliance
 o - 2 potions of ambrosia
 z - a potion of degeneration {!q}
 A - 2 potions of haste {@q3}
 B - 5 potions of mutation {!q}
 F - a potion of lignification {!q}
 O - a potion of flight
 P - 2 potions of heal wounds {@q2}
Miscellaneous
 J - a phial of floods
   (You found it in a bailey)
 V - a box of beasts
   (You found it in a Gauntlet)


   Skills:
 - Level 11.3(12.4) Fighting
 + Level 4.6(6.3) Dodging
 - Level 2.6(4.1) Stealth
 + Level 10.3(11.4) Spellcasting
 - Level 10.8 Conjurations
 - Level 1.0(2.3) Transmutations
 * Level 12.0(13.6) Fire Magic
 - Level 8.2(10.5) Poison Magic
 - Level 4.0 Evocations


You had 21 spell levels left.
You knew the following spells:

 Your Spells              Type           Power      Damage    Failure   Level
a - Sting                 Tmut/Pois      100%       1d8       1%          1
b - Olgreb's Toxic Radia  Pois           64%        N/A       1%          4
c - Mephitic Cloud        Conj/Pois/Air  53%        N/A       1%          3
d - Starburst             Conj/Fire      34%        6d10      1%          6

Your spell library contained the following spells:

 Spells                   Type           Power      Damage    Failure   Level
 Scorch                   Fire           100%       2d9       0%          2
 Poisonous Vapours        Pois/Air       88%        N/A       1%          2
 Volatile Blastmotes      Fire/Tloc      100%       2d18      1%          3
 Flame Wave               Conj/Fire      69%        2d16      1%          4
 Irradiate                Conj/Tmut      25%        3d20      2%          5
 Frozen Ramparts          Ice            32%        1d5       4%          3
 Ozocubu's Armour         Ice            16%        N/A       4%          3
 Ice Form                 Ice/Tmut       22%        N/A       9%          4
 Freezing Cloud           Conj/Ice/Air   17%        6-21      9%          5
 Summon Ice Beast         Ice/Summ       16%        N/A       14%         4
 Blade Hands              Tmut           14%        N/A       16%         5
 Dragon Form              Tmut           14%        N/A       99%         7
 Ozocubu's Refrigeration  Ice            8%         4d9       100%        7


Dungeon Overview and Level Annotations

Branches:
Dungeon (9/15) Zot: 25013  Temple (1/1) D:6 Zot: 5839    Lair (4/5) D:9 Zot: 19532
  Swamp (0/4) Lair:3        Snake (0/4) Lair:3        Sewer (visited)
 Bailey (visited)         Gauntlet (visited)
  Slime: Lair:4-5       Orc: D:9-12

Altars:
Ashenzari
Cheibriados
Dithmenos
Fedhas
Gozag
Kikubaaqudgha
Makhleb
Nemelex Xobeh
Okawaru
Qazlal
Sif Muna
Trog
Uskayaw
Vehumet
Wu Jian
Xom
Yredelemnul
Zin
The Shining One

Shops:
D:4 ***   D:6 *(

Annotations:
D:6 1 runed translucent door, porada001's ghost, novice HOBe
Lair:3 Rupert


Innate Abilities, Weirdness & Mutations

You cannot wear most types of armour.
You are amphibious.
You can wear up to eight rings at the same time.
Your skin changes colour to match your surroundings (Stealth+).
Your rubbery body absorbs attacks. (AC +1, EV +1)
((You are camouflaged when in or above water. (Stealth+)))
You have tentacles for arms and can constrict up to eight enemies at once.


Message History

You kill the killer bee!
The meliai calls down the wrath of its god upon you.
Something smites you!
* * * LOW HITPOINT WARNING * * *
You kill the meliai!
The ice encasing you melts away.
You kill the killer bee!
You start resting.
You sense a monster nearby.
You start resting.
Your toxic aura wanes.
You start resting.
A cane toad comes into view.
Casting: Olgreb's Toxic Radiance (safe; 1% risk of failure)
Confirm with . or Enter, or press ? or * to list all spells.
You begin to radiate toxic energy.
The rime drake hisses angrily.
The rime drake looks even sicker.
The cane toad croaks.
The rime drake breathes ice at you. The icy flash freeze hits you!
You partially resist.
* * * LOW HITPOINT WARNING * * *
You are encased in ice.
You hear an angry hiss.
The rime drake looks as sick as possible!
You kill the rime drake!
Your base Fire Magic skill increases to level 12!
Your toxic aura wanes.
The ice encasing you melts away.
Unknown command.
Unknown command.
Magic courses through your body.
Casting: Olgreb's Toxic Radiance (safe; 1% risk of failure)
Confirm with . or Enter, or press ? or * to list all spells.
Casting: Starburst (dangerous; 1% risk of failure)
Press: ? - help, Dir - look around, f - activate The bolt of fire misses the cane toad.
The cane toad stings you!!
* * * LOW HITPOINT WARNING * * *
You are poisoned.
The cane toad poisons you!
Casting: Starburst (dangerous; 1% risk of failure)
Confirm with . or Enter, or press ? or * to list all spells.
Casting: Starburst (dangerous; 1% risk of failure)
Press: ? - help, Dir - look around, f - activate The bolt of fire hits the cane toad!!!
The cane toad is almost dead.
* * * LOW HITPOINT WARNING * * *
You feel very sick. The cane toad stings you!
You die...

#.............#..##...
###..........#.#...k.#
##..####...=#.#....##
#...###......#......#
##...##.....#.#.###.†
#...####...)###.)#.)#
#P..####....##.#.†.#
##..##.......#####††#
##..@##.........# #.)
#....F.#......... ##
#.................
######..#..###.#..*
####### ###. *


You could see a cane toad.

Vanquished Creatures
  Gastronok (D:8)
  A minotaur (Gauntlet)
  Erolcha (D:9)
  A catoblepas (Lair:2)
  A boulder beetle (D:8)
  2 death scarabs (Gauntlet)
  A death yak (D:9)
  Amaemon (Lair:2)
  Pikel (D:4)
  A moth of wrath (Gauntlet)
  2 black mambas
  Maurice (D:8)
  An elephant (D:9)
  An orange demon (Lair:2)
  Joseph (D:7)
  A kobold demonologist (D:8)
  6 cane toads
  3 rime drakes
  8 komodo dragons
  2 polar bears
  2 tyrant leeches (Lair:3)
  3 meliai (Lair:4)
  Grinder (D:3)
  A hornet (D:9)
  19 blink frogs
  A shadow (D:7)
  9 yaks
  Eustachio (D:4)
  5 wyverns
  7 basilisks
  A spectral komodo dragon (Gauntlet)
  2 steam dragons (D:7)
  Grum (D:8)
  2 acid dragons
  A spectral cane toad (Gauntlet)
  10 water moccasins
  2 black bears
  9 orc warriors
  2 ice beasts
  3 sky beasts
  3 ogres
  18 wolves
  12 centaurs
  5 kobold brigands
  2 phantoms
  Blork the orc (D:4)
  17 bullfrogs
  2 gnoll sergeants
  2 scorpions
  19 killer bees
  3 howler monkeys
  A hound (D:4)
  9 orc priests
  2 sleepcaps (D:6)
  A gnoll bouda (D:7)
  9 iguanas
  9 orc wizards
  12 gnolls
  13 adders
  2 river rats (Sewer)
  2 shadow imps (D:7)
  A white imp (D:6)
  2 ufetubi (D:7)
  3 worms
  2 dart slugs
  61 orcs
  7 ball pythons
  3 bats
  13 endoplasms
  6 giant cockroaches
  12 goblins
  10 hobgoblins
  4 jackals
  24 kobolds
  4 frilled lizards
  9 rats
  2 butterflies (Lair:2)
426 creatures vanquished.

Notes
Turn   | Place    | Note
-------+----------+-------------------------------------------
     0 | D:1      | GeoRichter the Octopode Venom Mage began the quest for the
                  | Orb.
     0 | D:1      | Reached XP level 1. HP: 11/11 MP: 3/3
   251 | D:1      | Reached XP level 2. HP: 17/17 MP: 0/5
   756 | D:1      | Reached XP level 3. HP: 21/21 MP: 4/6
  1546 | D:2      | Identified the +3 leather armour of Woahus {rN++ Int+4}
  1757 | D:2      | Reached skill level 5 in Poison Magic
  1883 | D:2      | Reached XP level 4. HP: 27/27 MP: 6/8
  1891 | D:2      | Learned a level 4 spell: Olgreb's Toxic Radiance
  2170 | D:2      | Found a faded altar of an unknown god.
  2395 | D:3      | Reached XP level 5. HP: 23/31 MP: 0/9
  2622 | D:3      | Noticed Grinder
  2632 | D:3      | Paralysed by Grinder for 2 turns
  2658 | D:3      | Identified the +1 robe of Kemnoss {rElec rN+}
  3031 | D:4      | Found an ornate altar of the Wu Jian Council.
  3033 | D:4      | Found a glowing drain.
  3171 | Sewer    | Entered a sewer
  3681 | Sewer    | Noticed a kobold brigand
  3754 | Sewer    | Killed a kobold brigand
  3755 | Sewer    | Reached XP level 6. HP: 36/36 MP: 6/11
  4494 | D:4      | Noticed Eustachio
  4509 | D:4      | Found Fuyppou's Fire Supplies.
  4640 | D:4      | Noticed Blork the orc
  4651 | D:4      | Reached XP level 7. HP: 28/41 MP: 1/13
  4652 | D:4      | Killed Blork the orc
  4800 | D:4      | Identified the +2 robe of Atho {rPois Will++ MP-9 Int-2}
  4943 | D:4      | Found Deumadis's General Store.
  4945 | D:4      | Found Yttabeel's Specific Store.
  4953 | D:4      | Bought a potion of heal wounds for 50 gold pieces
  4953 | D:4      | Bought a wand of iceblast (5) for 120 gold pieces
  5016 | D:4      | Noticed Pikel
  5024 | D:4      | HP: 2/41 [disintegration (20)]
  5030 | D:4      | Killed Pikel
  5031 | D:4      | Reached skill level 3 in Fire Magic
  5031 | D:4      | Reached XP level 8. HP: 32/50 MP: 2/15
  5174 | D:3      | Learned a level 3 spell: Mephitic Cloud
  5464 | D:4      | Reached skill level 5 in Spellcasting
  5464 | D:4      | Reached skill level 1 in Conjurations
  6501 | D:5      | Entered Level 5 of the Dungeon
  7018 | D:5      | Reached XP level 9. HP: 58/58 MP: 17/17
  7724 | D:6      | Reached skill level 5 in Conjurations
  7775 | D:6      | Found Qaxuqar's General Store.
  8005 | D:6      | Found a staircase to the Ecumenical Temple.
  8020 | D:6      | Found a runed translucent door.
  8024 | D:6      | Noticed porada001's ghost (novice HOBe)
  8042 | D:6      | Bought a scroll of identify for 28 gold pieces
  8129 | D:6      | Found an ancient bone altar of Kikubaaqudgha.
  8291 | Temple   | Entered the Ecumenical Temple
  8438 | Temple   | Became a worshipper of Ashenzari the Shackled
  8547 | D:6      | Found Myunlilo's Weapon Shop.
  8674 | D:6      | Reached skill level 5 in Fighting
  8753 | D:6      | Found a bloodstained altar of Trog.
  8927 | D:7      | Reached skill level 1 in Evocations
  9083 | D:7      | Noticed Joseph
  9100 | D:7      | Killed Joseph
  9455 | D:7      | Reached XP level 10. HP: 66/66 MP: 18/18
 10428 | D:4      | Killed Eustachio
 11068 | D:3      | Paralysed by Grinder for 3 turns
 11075 | D:3      | Killed Grinder
 11582 | D:8      | Noticed Gastronok
 11748 | D:8      | Killed Gastronok
 11798 | D:8      | Reached skill level 10 in Conjurations
 11836 | D:8      | Found a flagged portal.
 11857 | Bailey   | Entered a bailey
 12210 | Bailey   | Reached XP level 11. HP: 74/74 MP: 21/21
 12693 | Bailey   | Reached XP level 12. HP: 75/90 MP: 22/22
 12914 | D:8      | Noticed a boulder beetle
 12922 | D:8      | Noticed Grum
 12925 | D:8      | Reached skill level 4 in Fire Magic
 13086 | D:8      | Noticed Maurice
 13095 | D:8      | Killed Maurice
 13249 | D:8      | You fall into a shaft and drop 1 floor!
 13383 | D:8      | Killed Grum
 13398 | D:8      | Killed a boulder beetle
 13399 | D:8      | Reached skill level 5 in Fire Magic
 13662 | D:8      | Reached * piety under Ashenzari
 13662 | D:8      | Identified a scroll of acquirement
 13663 | D:8      | Acquired the ring "Sury" {+Blink rElec rC- Will+ Str+6}
 13957 | D:4      | Bought the Verses on Conflagration for 418 gold pieces
 13964 | D:4      | Learned a level 6 spell: Starburst
 14084 | D:9      | Noticed Erolcha
 14107 | D:9      | Killed Erolcha
 14397 | D:9      | Reached skill level 6 in Fire Magic
 14684 | D:9      | Noticed a death yak
 14807 | D:9      | Reached ** piety under Ashenzari
 14902 | D:9      | Killed a death yak
 14903 | D:9      | Reached skill level 7 in Fire Magic
 15119 | D:9      | Found a staircase to the Lair.
 15230 | Lair:1   | Entered Level 1 of the Lair of Beasts
 15756 | Lair:1   | Reached skill level 8 in Fire Magic
 15890 | Lair:1   | Acquired a ring of resist corrosion
 16285 | Lair:2   | Noticed Amaemon
 16292 | Lair:2   | Reached XP level 13. HP: 49/95 MP: 25/25
 16526 | Lair:2   | Reached skill level 9 in Fire Magic
 16541 | Lair:2   | Killed Amaemon
 16787 | Lair:2   | Reached *** piety under Ashenzari
 17031 | Lair:2   | Reached skill level 10 in Fire Magic
 18115 | Lair:3   | Noticed Rupert
 18262 | Lair:3   | Identified the +5 long sword "Ogeotwuo" {protect, rElec
                  | Int+4}
 18279 | Lair:3   | Paralysed by Rupert for 4 turns
 18457 | Lair:3   | Found a snail-covered altar of Cheibriados.
 18589 | Lair:3   | Found a staircase to the Snake Pit.
 18994 | Lair:3   | Found a staircase to the Swamp.
 19223 | Lair:3   | Reached skill level 11 in Fire Magic
 19511 | Lair:4   | Found a gate leading to a gauntlet.
 19524 | Gauntlet | Entered a Gauntlet
 19524 | Gauntlet | Found a transporter.
 19524 | Gauntlet | Found a transporter.
 19616 | Gauntlet | Found a transporter.
 19628 | Gauntlet | Noticed a green death
 19632 | Gauntlet | Found a transporter.
 19632 | Gauntlet | Found a transporter.
 19632 | Gauntlet | Found a transporter.
 19634 | Gauntlet | Found a transporter.
 19634 | Gauntlet | Found a transporter.
 19646 | Gauntlet | Found a transporter.
 19646 | Gauntlet | Identified the +2 pair of gloves of Fortitude {Stlth+}
 19661 | Gauntlet | Found a runed translucent gate.
 19662 | Gauntlet | Found a transporter.
 19662 | Gauntlet | Found a runed translucent gate.
 19663 | Gauntlet | Found a runed translucent gate.
 19664 | Gauntlet | Identified the +0 hat "Huem" {Harm}
 19669 | Gauntlet | Found a runed translucent door.
 19673 | Gauntlet | Found a transporter.
 19679 | Gauntlet | Identified the +0 hat of Fortitude {Int+6}
 19686 | Gauntlet | Found a transporter.
 19701 | Gauntlet | Identified the ring "Zuligur" {rPois Will- rCorr SInv}
 19706 | Gauntlet | Found a transporter.
 19722 | Gauntlet | Found a transporter.
 19942 | Gauntlet | Reached skill level 10 in Spellcasting
 20137 | Gauntlet | Identified the ring of Juvvedaw {rF+ Slay+3}
 20137 | Gauntlet | Noticed a minotaur
 20153 | Gauntlet | Killed a minotaur
 20402 | Lair:4   | Reached XP level 14. HP: 74/104 MP: 10/29
 20417 | Lair:4   | Reached skill level 12 in Fire Magic
 20425 | Lair:4   | Slain by a cane toad

Illustrated notes

Levels and vault maps discovered:
D:1:      lightli_arrival_farm, layout_basic, minmay_vboxes
D:2:      minmay_diamond_boxcup, layout_basic, chequers_ecumenical_altar_lobes
D:3:      layout_loops_ring, uniq_grinder
D:4:      layout_gridville, mainiacjoe_overflow_cross_hatched,
          gup_sewer_entry_glass, kennysheep_cross_bottleneck,
          nicolae_specific_store, nicolae_shop_fire_sale
          [nicolae_sub_dead_trees], uniq_blork_the_orc, uniq_pikel,
          uniq_eustachio
D:5:      layout_loops_ring
D:6:      layout_cave_pools, mainiacjoe_overflow_24_doors, bloody_trog,
          minmay_temple_entry_ruins, serial_shops, shop, shop,
          ebering_ghost_sewer_d
D:7:      layout_rooms, nzn_random_ring, uniq_joseph
D:8:      layout_basic, enter_bailey_5, grunt_ministairs_14,
          small_chamber_with_monster, uniq_grum, uniq_gastronok, uniq_maurice
D:9:      layout_basic, david_lair_generic, uniq_erolcha
Temple:   eino_temple_scatter_basement
Lair:1:   layout_roguey, grunt_megastairs_3, infiniplex_staircase_pool
Lair:2:   beast_lair_carwin_large_3, layout_small_grid, lemuel_fruit_fields,
          uniq_amaemon
Lair:3:   layout_loops_ring, minmay_swamp_entry_worms, dummy_snake_entry,
          basic_altar, lemuel_fruit_fields, grunt_megastairs_2, uniq_rupert
Lair:4:   hangedman_what_comes_after_a, layout_small_grid, slime_entry_1,
          gauntlet_entry_generic, serial_bayou_shore_a

Skill      XL: |  1  2  3  4  5  6  7  8  9 10 11 12 13 14 |
---------------+-------------------------------------------+-----
Poison Magic   | 4 5 7 8 |  8.2
Spellcasting   | 3 4 5 6 7 8 10 | 10.3
Fighting       | 2 3 5 6 11 | 11.3
Fire Magic     | 3 8 11 12 | 12.0
Conjurations   | 4 8 10 | 10.8
Evocations     | 3 4 |  4.0
Dodging        | 4 |  4.6
Stealth        | |  2.6
Transmutations | |  1.0

Action                     |  1- 3 |  4- 6 |  7- 9 | 10-12 | 13-15 || total
---------------------------+-------+-------+-------+-------+-------++-------
  Melee: Unarmed           |    17 |    24 |     9 |       |       ||    50
         Tentacles         |     5 |     2 |     8 |    45 |    26 ||    86
         Constrict         |     4 |    10 |    13 |    22 |    26 ||    75
         Punch             |     1 |       |       |     3 |     1 ||     5
         Dagger            |       |       |    32 |   133 |    86 ||   251
   Cast: Sting             |    63 |    55 |    40 |     3 |     2 ||   163
         Olgreb's Toxic Ra |       |    31 |    81 |   130 |    66 ||   308
         Mephitic Cloud    |       |       |     1 |    28 |    17 ||    46
         Starburst         |       |       |       |     8 |    28 ||    36
 Invoke: Curse Item        |       |       |       |     5 |     1 ||     6
         Shatter the Chain |       |       |       |       |     1 ||     1
  Evoke: Wand              |       |       |    14 |    14 |     8 ||    36
    Use: Scroll            |       |     3 |     5 |     4 |     2 ||    14
         Potion            |       |     1 |     2 |     3 |     3 ||     9
   Stab: Sleeping          |       |       |     1 |     1 |     1 ||     3
         Confused          |       |       |     1 |     2 |     4 ||     7
         Invisible         |       |       |       |       |     1 ||     1
 Armour: Skin              |     4 |     3 |     6 |     4 |     2 ||    19
  Dodge: Dodged            |    22 |    17 |    67 |    85 |    70 ||   261
